 Dungeon Crawl Stone Soup version 0.29.1-2-gbd0b4ee654 (webtiles) character file.

Game seed: 15283311921009469796

26 DemonSlayer the Firebug (level 2, -3/19 HPs)
             Began as a Demonspawn Fire Elementalist on Nov 8, 2022.
             Slain by a goblin
             ... wielding a +0 club
             ... led by Robin
              (6 damage)
             ... on level 3 of the Dungeon.
             The game lasted 00:04:21 (2223 turns).

DemonSlayer the Firebug (DsFE)                      Turns: 2223, Time: 00:04:21

Health: -3/19      AC:  8    Str:  8    XL:     2   Next: 89%
Magic:  1/5        EV: 12    Int: 16    God:
Gold:   70         SH:  0    Dex: 13    Spells: 2/5 levels left

rFire   . . .      SeeInvis .   c - +0 dagger
rCold   . . .      Faith    .   (no shield)
rNeg    . . .      Spirit   .   a - +0 robe
rPois   .          Reflect  .   (no helmet)
rElec   .          Harm     .   j - scarf {+Inv}
rCorr   .          Rampage  .   (no gloves)
Will    .....                   (no boots)
Stlth   ++........              (no amulet)
HPRegen 0.06/turn               (no ring)
MPRegen 0.09/turn               (no ring)

@: about to teleport, sanguine armoured
A: sanguine armour 1
a: Evoke Invisibility


You were on level 3 of the Dungeon.
You visited 1 branch of the dungeon, and saw 3 of its levels.

You collected 70 gold pieces.

Inventory:

Hand Weapons
 c - a +0 dagger (weapon)
Missiles
 i - 4 boomerangs
Armour
 a - a +0 robe (worn)
 j - a scarf of invisibility (worn)
Scrolls
 e - a scroll of identify {unknown}
 f - a scroll of magic mapping
 g - a scroll of teleportation
 h - a scroll of torment {unknown}


   Skills:
 + Level 0.3 Short Blades
 + Level 1.9 Dodging
 + Level 2.4 Stealth
 + Level 2.0 Spellcasting
 + Level 1.0 Conjurations
 + Level 3.2 Fire Magic


You had 2 spell levels left.
You knew the following spells:

 Your Spells              Type           Power      Damage    Failure   Level
a - Foxfire               Conj/Fire      32%        2x1d5     9%          1
b - Scorch                Fire           22%        2d6       9%          2

Your spell library contained the following spells:

 Spells                   Type           Power      Damage    Failure   Level
 Sandblast                Erth           2%         2d4       21%         1
 Passwall                 Tmut/Erth      0%         N/A       30%         2
 Conjure Flame            Conj/Fire      8%         6-21      26%         3
 Inner Flame              Hex/Fire       6%         N/A       32%         3
 Stone Arrow              Conj/Erth      6%         3d7       45%         3
 Gell's Gravitas          Tloc           1%         N/A       52%         3
 Teleport Other           Tloc           1%         N/A       52%         3
 Flame Wave               Conj/Fire      8%         2d5       65%         4
 Dispersal                Tloc           0%         N/A       100%        6


Dungeon Overview and Level Annotations

Branches:
Dungeon (3/15)

Altars:

Annotations:
D:3 Robin


Innate Abilities, Weirdness & Mutations

When seriously injured, your blood forms armour. (AC +6)


Message History

The foxfire hits Robin but does no damage.
Robin is moderately wounded.
You hit Robin but do no damage.
Robin is moderately wounded.
The foxfire hits the goblin.
The goblin is severely wounded.
The goblin hits you but does no damage. The goblin barely misses you.
Robin completely misses you.
You slide downwards.
The hatch slams shut behind you.
Found five items.
Found a stone staircase leading down.
You aren't carrying any potions.
As you read the scroll of magic mapping, it crumbles to dust.
You feel aware of your surroundings. Robin throws the goblin at you!
The goblin closely misses you.
Unknown command.
As you read the scroll labelled AHEELUDYRI, it crumbles to dust.
The scroll dissolves into smoke.
It was a scroll of fog.
The goblin closely misses you. Robin closely misses you.
You hit Robin but do no damage.
Robin is moderately wounded.
The goblin hits you with a +0 club. Robin barely misses you.
You hit Robin.
Robin is heavily wounded.
The goblin misses you. Robin hits you but does no damage.
You hit Robin.
Robin is heavily wounded.
The goblin hits you with a +0 club.
* * * LOW HITPOINT WARNING * * *
Robin closely misses you.
You hit Robin but do no damage.
Robin is heavily wounded.
Robin hits you with a +1 vampiric short sword.
* * * LOW HITPOINT WARNING * * *
The goblin barely misses you. The goblin attacks as you move away!
The goblin hits you but does no damage.
Robin says, "Feeling lonely?"
As you read the scroll of teleportation, it crumbles to dust.
You feel strangely unstable. Robin barely misses you.
The goblin hits you with a +0 club.
You die...

*...............,,,,,,,,,,
*........[.......,,,,,,,,,
*.$.........!....,,,,,,,,,
*................,,,,,,,,,
*....$.....§.....,,,,,,,,,
*.....§§§§§......,,,,,,,,,
*.....§§§§.......,,,,,,,,,
*.....§§g§§......,,,,,,,,,
*.....§§g@.......,,,,,,,,,
*.....§§§§§§.....,,,,,,,**
*........§§......,,,,,,,*
*................,,,,,,,*
*................,,,,,,,*
*................,,,,,,,*
*....>...........,,,,,,,*
*,.......,.......,,,,,,,*
*,,,,,,,,,,,,,,,,,,,,,,,*


You could see Robin and a goblin (strong).

Vanquished Creatures
  An adder (D:2)
  An endoplasm (D:2)
  2 giant cockroaches
  4 goblins (D:2)
  2 hobgoblins (D:1)
  2 kobolds (D:1)
  A quokka (D:2)
  A rat (D:1)
14 creatures vanquished.

Vanquished Creatures (others)
  52 foxfires
52 creatures vanquished.

Grand Total: 66 creatures vanquished

Notes
Turn   | Place    | Note
-------+----------+-------------------------------------------
     0 | D:1      | DemonSlayer the Demonspawn Fire Elementalist began the
                  | quest for the Orb.
     0 | D:1      | Reached XP level 1. HP: 13/13 MP: 3/3
   587 | D:1      | Reached skill level 3 in Fire Magic
  1199 | D:2      | Gained mutation: When seriously injured, your blood forms
                  | armour. (AC +6) [demonic ancestry]
  1199 | D:2      | Reached XP level 2. HP: 19/19 MP: 0/5
  1202 | D:2      | Learned a level 2 spell: Scorch
  1738 | D:2      | Noticed Robin
  2223 | D:3      | Slain by a goblin

Illustrated notes

Levels and vault maps discovered:
D:1:      denvon_arrival_waterhouse, layout_loops_ring,
          amcnicky_mini_corridor_feature
D:2:      layout_basic, ebering_ecumenical_altar_box, uniq_robin
D:3:      layout_basic

Skill      XL: |  1 |
---------------+----+-----
Fire Magic     | 3 |  3.2
Stealth        | 2 |  2.4
Short Blades   | |  0.3
Dodging        | |  1.9
Spellcasting   | |  2.0
Conjurations   | |  1.0

Action                   || total
-------------------------++-------
Melee: Unarmed           ||     5
       Dagger            ||    35
Throw: Boomerang         ||     4
 Cast: Foxfire           ||    42
       Scorch            ||     1
  Use: Scroll            ||     6
       Potion            ||     1
 Stab: Sleeping          ||     1
Armor: Robe              ||    13
Dodge: Dodged            ||    48
